 Dungeon Crawl Stone Soup version 0.29-a0-275-g389c0b56f3 (webtiles) character file.

Game seed: 14220468653877221229

100 Inarius the Cutter (level 5, 0/33 HPs)
             Began as a Kobold Fighter on Mar 11, 2022.
             Slain by a gnoll
             ... wielding a +0 flail
              (3 damage)
             ... on level 3 of the Dungeon.
             The game lasted 00:02:52 (2938 turns).

Inarius the Cutter (Kobold Fighter)                 Turns: 2938, Time: 00:02:53

Health: 0/33       AC:  7    Str: 14    XL:     5   Next: 3%
Magic:  5/5        EV: 10    Int:  9    God:
Gold:   139        SH:  5    Dex: 16    Spells: 4/4 levels left

rFire   . . .      SeeInvis .   a - +0 rapier
rCold   . . .      Faith    .   c - +0 buckler
rNeg    . . .      Spirit   .   b - +0 scale mail
rPois   .          Reflect  .   t - +0 helmet
rElec   .          Harm     .   (no cloak)
rCorr   .          Rampage  .   (no gloves)
Will    .....                   (no boots)
Stlth   ++........              (no amulet)
HPRegen 0.11/turn               (no ring)
MPRegen 0.09/turn               (no ring)

@: mighty
A: small, no large weapons, nightstalker 3
a: no special abilities


You were on level 3 of the Dungeon.
You visited 1 branch of the dungeon, and saw 3 of its levels.

You collected 139 gold pieces.

Inventory:

Hand Weapons
 a - a +0 rapier (weapon)
Armour
 b - a +0 scale mail (worn)
 c - a +0 buckler (worn)
 t - a +0 helmet (worn)
Wands
 q - a wand of charming (12)
 s - a wand of digging (14)
Scrolls
 e - 3 scrolls of identify {unknown}
 g - 2 scrolls of teleportation {unknown}
 j - 2 scrolls of enchant armour {unknown}
 k - a scroll of blinking {unknown}
 l - a scroll of summoning {unknown}
 m - a scroll of brand weapon {unknown}
 n - a scroll of holy word {unknown}
 o - a scroll of torment {unknown}
 p - a scroll of immolation {unknown}
 r - a scroll of magic mapping {unknown}
 u - a scroll of fear {unknown}
Potions
 d - 4 potions of might
 f - 2 potions of heal wounds {unknown}
 h - 2 potions of attraction {unknown}
 i - a potion of mutation {unknown}


   Skills:
 + Level 3.8 Fighting
 * Level 4.5 Short Blades
 + Level 2.7 Armour
 + Level 0.1 Dodging
 * Level 2.2 Stealth
 + Level 2.5 Shields
 * Level 1.0 Evocations


You had 4 spell levels left.
You didn't know any spells.
Your spell library contained the following spells:

 Spells                   Type           Power      Damage    Failure   Level
 Sandblast                Erth           0%         2d4       95%         1
 Corpse Rot               Necr/Air       0%         N/A       98%         2
 Passwall                 Tmut/Erth      0%         N/A       98%         2
 Poisonous Vapours        Pois/Air       0%         N/A       98%         2
 Stone Arrow              Conj/Erth      0%         3d7       100%        3


Dungeon Overview and Level Annotations

Branches:
Dungeon (3/15)

Altars:
Hepliaklqana


Innate Abilities, Weirdness & Mutations

You are small and have problems with some larger weapons.
You are completely attuned to the shadows.


Message History

You feel stronger.
You closely miss the gnoll. The gnoll hits you with a +0 whip.
You barely miss the gnoll. The gnoll hits you but does no damage.
You closely miss the gnoll. The gnoll hits you but does no damage.
You hit the gnoll but do no damage. The gnoll barely misses you.
The gnoll closely misses you.
You hit the gnoll but do no damage. The gnoll closely misses you.
You closely miss the gnoll. The gnoll closely misses you.
You closely miss the gnoll. The gnoll hits you but does no damage.
You barely miss the gnoll. The gnoll hits you with a +0 whip.
You hit the gnoll but do no damage. You block the gnoll's attack.
You hit the gnoll.
The gnoll is moderately wounded.
The gnoll hits you with a +0 whip.
* * * LOW HITPOINT WARNING * * *
You see here a +0 dagger.
The gnoll attacks as you move away! The gnoll barely misses you.
The gnoll attacks as you move away! The gnoll barely misses you.
The gnoll attacks as you move away! The gnoll hits you but does no damage.
The gnoll attacks as you move away! You block the gnoll's attack.
The gnoll attacks as you move away! The gnoll closely misses you.
The gnoll attacks as you move away! The gnoll completely misses you.
The gnoll attacks as you move away! The gnoll hits you with a +0 whip.
* * * LOW HITPOINT WARNING * * *
Okay, then.
The gnoll attacks as you move away! The gnoll hits you with a +0 whip.
* * * LOW HITPOINT WARNING * * *
The gnoll attacks as you move away! The gnoll hits you with a +0 whip.
* * * LOW HITPOINT WARNING * * *
You barely miss the gnoll.
The gnoll is moderately wounded.
You block the gnoll's attack.
You feel very mighty all of a sudden. The gnoll barely misses you.
You closely miss the gnoll.
The gnoll is moderately wounded.
An endoplasm comes into view.
The gnoll closely misses you. The gnoll barely misses you.
The gnoll attacks as you move away! The gnoll hits you with a +0 flail.
You die...

......................>.
####.##.##.#.####.......
#.##.##.#.####.......
#..#.##.#............
######.#......####.......
........###.#+####.......
#####...........# #.............#
...##...........###.............#
...##.........Pg@.#.............#
...##......P...g§P.......########
...##.........§.JP..##...#
......###.P..PP§.P..##...###
......##....#._§...P.......#
......##..P.#P.............#
...#........P..............######
...#.......PPP....P>.............
...#..... ..§.§PP.P###...##......


You could see 2 gnolls and an endoplasm.

Vanquished Creatures
  A gnoll (D:3)
  4 adders
  A worm (D:3)
  A dart slug (D:1)
  3 orcs (D:3)
  4 endoplasms
  3 giant cockroaches
  6 goblins
  6 hobgoblins
  A quokka (D:2)
  2 ball pythons
  8 bats
  3 frilled lizards
  5 rats
48 creatures vanquished.

Vanquished Creatures (others)
  7 plants (D:3)
7 creatures vanquished.

Grand Total: 55 creatures vanquished

Notes
Turn   | Place    | Note
-------+----------+-------------------------------------------
     0 | D:1      | Inarius the Kobold Fighter began the quest for the Orb.
     0 | D:1      | Reached XP level 1. HP: 14/14 MP: 1/1
   340 | D:1      | Reached XP level 2. HP: 19/19 MP: 2/2
   362 | D:1      | Reached skill level 3 in Short Blades
   615 | D:1      | Reached skill level 1 in Stealth
   615 | D:1      | Reached XP level 3. HP: 24/24 MP: 3/3
   623 | D:1      | Found a faded altar of an unknown god.
  1617 | D:2      | Reached skill level 4 in Short Blades
  1617 | D:2      | Reached XP level 4. HP: 15/29 MP: 4/4
  2387 | D:3      | Found a hazy altar of Hepliaklqana.
  2897 | D:3      | Reached skill level 1 in Evocations
  2897 | D:3      | Reached XP level 5. HP: 18/33 MP: 5/5
  2938 | D:3      | Slain by a gnoll

Illustrated notes

Levels and vault maps discovered:
D:1:      lightli_arrival_chessboard, layout_rooms,
          hellmonk_ecumenical_altar_zigzags
D:2:      layout_basic, chequers_jeans, minmay_tetromino_i2
D:3:      layout_basic, lemuel_doored_altar, nicolae_hepliaklqana_hazy_memory,
          chequers_big_river

Skill      XL: |  1  2  3  4 |
---------------+-------------+-----
Short Blades   | 3 4 |  4.5
Stealth        | 1 2 |  2.2
Evocations     | 1 |  1.0
Fighting       | |  3.8
Armour         | |  2.7
Dodging        | |  0.1
Shields        | |  2.5

Action                   |  1- 3 |  4- 6 || total
-------------------------+-------+-------++-------
Melee: Rapier            |    99 |    68 ||   167
  Use: Potion            |       |     1 ||     1
 Stab: Sleeping          |     3 |     1 ||     4
Armor: Scale mail        |    40 |    15 ||    55
Dodge: Dodged            |    55 |    32 ||    87
Block: Buckler           |    25 |    12 ||    37

Table legend: (Time is in decaauts)
 A = Elapsed time spent in this place.
 B = Non-inter-level travel time spent in this place.
 C = Inter-level travel time spent in this place.
 D = Time resting spent in this place.
 E = Time spent auto-exploring this place.
 F = Levels seen in this place.
 G = Mean time per level.
                   A        B        C        D        E       F      G
               +--------+--------+--------+--------+--------+-----+--------+
         Total |   2951 |   2921 |     30 |    662 |   1818 |   3 |  983.7 |
       Dungeon |   2951 |   2921 |     30 |    662 |   1818 |   3 |  983.7 |
               +--------+--------+--------+--------+--------+-----+--------+

Top non-repeatable levels by time:
     D:2: 1471 daAuts
     D:1: 848 daAuts
     D:3: 631 daAuts
